 Dungeon Crawl Stone Soup version 0.19.0-2-gae57169 (webtiles) character file.

343 derrence the Sneak (level 6, 0/31 HPs)
             Began as a Vine Stalker Assassin on Nov 4, 2016.
             Slain by a white imp (2 damage)
             ... summoned by Drunkenshrew's ghost
             ... on level 4 of the Dungeon.
             The game lasted 01:11:02 (3523 turns).

derrence the Sneak (Vine Stalker Assassin)          Turns: 3523, Time: 01:11:02

Health: 0/31       AC:  4    Str: 14      XL:     6   Next: 57%
Magic:  0/7        EV:  9    Int: 10 (11) God:
Gold:   167        SH:  7    Dex: 14 (17) Spells: 0 memorised, 5 levels left

rFire  + . .     SeeInvis .     a - +2 dagger
rCold  . . .     Gourm    .     c - +0 robe
rNeg   . . .     Faith    .     j - +0 shield
rPois  .         Spirit   +     (no helmet)
rElec  .         Reflect  .     d - +1 cloak
rCorr  .         Harm     .     (no gloves)
MR     +....                    (no boots)
Stlth  ++++......               (no amulet)
                                (no ring)
                                (no ring)

@: lethally poisoned (0 -> -1)
A: fangs 2, blurry vision 1, fire resistance 1, magic resistance 1, regeneration
1, magic shield, antimagic bite, no device heal 3, rot immunity
a: no special abilities


You were on level 4 of the Dungeon.
You were hungry.

You visited 1 branch of the dungeon, and saw 5 of its levels.

You collected 167 gold pieces.

Inventory:

Hand Weapons
 a - a +2 dagger (weapon)
 b - a +0 blowgun
Missiles
 e - 24 poisoned needles
Armour
 c - a +0 robe (worn)
 d - a +1 cloak (worn)
 j - a +0 shield (worn)
Jewellery
 i - the ring of Midnight {Ice *Drain MR++ Int+4 Stlth+}
   (You found it on level 4 of the Dungeon)

   [ring of ice]

   It enhances your ice magic.
   It affects your intelligence (+4).
   It makes you vulnerable to fire.
   It protects you from cold.
   It affects your resistance to hostile enchantments.
   It causes draining when unequipped.
   It makes you more stealthy.
Scrolls
 k - 2 scrolls of identify
 o - a scroll of recharging
 q - 3 scrolls of remove curse
 r - 2 scrolls of magic mapping
 v - a scroll of enchant armour
Potions
 h - 3 potions of curing
Books
 s - a book of Minor Magic

   Spells                             Type                      Level
   a - Magic Dart                     Conjuration                  1
   b - Blink                          Translocation                2
   c - Call Imp                       Summoning                    2
   d - Repel Missiles                 Charms/Air                   2
   e - Slow                           Hexes                        2
   f - Conjure Flame                  Conjuration/Fire             3
   g - Mephitic Cloud                 Conjuration/Poison/Air       3
Comestibles
 g - 2 bread rations
 l - a slice of pizza
 m - 2 meat rations
 n - 3 fruits
 p - 2 beef jerkies


   Skills:
 + Level 2.3 Fighting
 + Level 3.1 Short Blades
 + Level 3.0 Throwing
 + Level 1.6 Dodging
 + Level 7.2 Stealth
 + Level 0.6 Shields


You had 5 spell levels left.
You didn't know any spells.

Dungeon Overview and Level Annotations

Branches:
Dungeon (5/15)
 Temple: D:4-7

Altars:
Fedhas

Shops:
D:4 (

Annotations:
D:4 Drunkenshrew's ghost, amateur DrWz


Innate Abilities, Weirdness & Mutations

You have extremely sharp teeth.
Your natural rate of healing is unusually fast.
When hurt, damage is shared between your health and your magic reserves.
Your bite disrupts and absorbs the magic of your enemies.
Potions and wands cannot restore your health.
You are immune to rotting.
Scrolls take you a little longer to read.
Your flesh is heat resistant. (rF+)
You are resistant to hostile enchantments. (MR+)


Message History

You kill the orc!
Firing (i - inventory. (,) - cycle):
f - a curare-tipped needle (quivered)
Press: ? - help, Shift-Dir - straight line, f - white imp
Aim: a white imp (summoned)
You shoot a curare-tipped needle.
The curare-tipped needle barely misses the white imp.
The curare-tipped needle hits Drunkenshrew's ghost.
You feel sick. The white imp hits you.
* * * LOW HITPOINT WARNING * * *
The white imp freezes you.
* * * LOW HITPOINT WARNING * * *
Okay, then.
Wield which item (- for none, * to show all)? (? for menu, Esc to quit)
a - a +2 dagger (weapon)
You hit the white imp. Your bite misses the white imp.
The white imp is heavily wounded.
You feel sick. The white imp hits you.
* * * LOW HITPOINT WARNING * * *
The white imp freezes you.
You die...

...........# #.......# .... .#
####.......# #.......# ... .
#.......# #.......# #.. ###
###.###...# #.......# #..##..
#...###...###.......####.#..o...
##....##.........................
...._......###.......####.##.....
W##....###.....###..........#..#.
.###...# #.....#@#......o.. #..#.
.# #.### #.....#5#........ #....
.....# #...o..W........ #.##.
.....# #......#####... #. #.
####.. .........# ## #. ##.
.........# #. .........# ..
.........# .. .........#


You could see Drunkenshrew's ghost and a white imp.

Vanquished Creatures
  A hound (D:4)
  2 orc wizards (D:4)
  A bullfrog skeleton (D:3)
  2 worker ants (D:4)
  8 adders
  An ooze (D:2)
  A dart slug (D:1)
  A leopard gecko (D:1)
  13 orcs
  A ball python (D:3)
  2 giant cockroaches (D:3)
  10 goblins
  8 hobgoblins
  3 jackals (D:1)
  2 quokkas (D:3)
  A ball python skeleton (D:4)
  8 bats
  4 frilled lizards
  11 kobolds
  11 rats
91 creatures vanquished.

Notes
Turn   | Place    | Note
-------+----------+-------------------------------------------
     0 | D:1      | derrence the Vine Stalker Assassin began the quest for the Orb.
     0 | D:1      | Reached XP level 1. HP: 11/11 MP: 2/2
   111 | D:1      | Reached skill level 5 in Stealth
   322 | D:1      | Reached XP level 2. HP: 15/15 MP: 3/3
   598 | D:1      | Reached XP level 3. HP: 16/18 MP: 4/4
   871 | D:1      | Gained mutation: You are resistant to hostile enchantments. (MR+) [potion of mutation]
   871 | D:1      | Gained mutation: Your flesh is heat resistant. (rF+) [potion of mutation]
   871 | D:1      | Gained mutation: Scrolls take you a little longer to read. [potion of mutation]
  1034 | D:2      | Reached skill level 1 in Dodging
  1048 | D:2      | Reached skill level 6 in Stealth
  1513 | D:2      | Gained mutation: Your natural rate of healing is unusually fast. [Vine Stalker growth]
  1513 | D:2      | Reached XP level 4. HP: 23/23 MP: 5/5
  2293 | D:3      | Reached XP level 5. HP: 19/26 MP: 3/6
  3029 | D:4      | Reached skill level 7 in Stealth
  3029 | D:4      | Reached XP level 6. HP: 24/31 MP: 5/7
  3148 | D:5      | Entered Level 5 of the Dungeon
  3204 | D:4      | Got a faintly glowing bone ring
  3207 | D:4      | Identified the ring of Midnight {Ice *Drain MR++ Int+4 Stlth+} (You found it on level 4 of the Dungeon)
  3410 | D:4      | Noticed Drunkenshrew's ghost (amateur DrWz)
  3440 | D:4      | Found a blossoming altar of Fedhas.
  3492 | D:4      | Found Cuosh's Weapon Shop.
  3523 | D:4      | Slain by a white imp

Skill      XL: |  1  2  3  4  5  6 |
---------------+-------------------+-----
Stealth        | 5 6 7 |  7.2
Short Blades   | 2 3 |  3.1
Dodging        | 1 |  1.6
Throwing       | 2 3 |  3.0
Fighting       | 2 |  2.3
Shields        | |  0.6

Action                   |  1- 3 |  4- 6 || total
-------------------------+-------+-------++-------
Melee: Dagger            |    64 |   162 ||   226
       Bite              |    13 |    37 ||    50
 Fire: Blowgun           |    17 |    57 ||    74
  Use: Scroll            |     6 |     3 ||     9
       Potion            |     5 |     2 ||     7
 Stab: Sleeping          |     7 |    18 ||    25
       Distracted        |       |     2 ||     2
  Eat: Chunk             |     2 |     6 ||     8
Armor: Robe              |    15 |    36 ||    51
Dodge: Dodged            |    24 |    40 ||    64
Block: Shield            |     6 |    44 ||    50
